 Dungeon Crawl Stone Soup version 0.20.0-10-g0535bb4 (console) character file.

3175 removed the Ducker (level 9, -9/52 HPs)
             Began as a Tengu Ice Elementalist on June 7, 2017.
             Was a Believer of Kikubaaqudgha.
             Mangled by a warg (11 damage)
             ... on level 7 of the Dungeon.
             The game lasted 00:22:07 (13350 turns).

removed the Ducker (Tengu Ice Elementalist)        Turns: 13350, Time: 00:22:08

Health: -9/52      AC:  2    Str: 10    XL:     9   Next: 95%
Magic:  12/17      EV: 19    Int: 18    God:    Kikubaaqudgha [**....]
Gold:   416        SH:  0    Dex: 14    Spells: 4/18 levels left

rFire    . . .     SeeInvis .   a - +3 scimitar (freeze)
rCold    . . .     Gourm    .   (no shield)
rNeg     + . .     Faith    .   J - +0 robe
rPois    .         Spirit   .   (helmet restricted)
rElec    .         Reflect  .   (no cloak)
rCorr    .         Harm     .   (no gloves)
MR       .....                  (boots unavailable)
Stlth    ++........             (no amulet)
Regen    0.2/turn               N - ring of positive energy
MPRegen  0.2/turn               (no ring)

@: flying quickly and evasively, quick
A: beak, talons 3, able to fly 1
a: Receive Corpses, Renounce Religion


You were on level 7 of the Dungeon.
You worshipped Kikubaaqudgha.
Kikubaaqudgha was pleased with you.
You were very hungry.

You visited 1 branch of the dungeon, and saw 8 of its levels.

You collected 416 gold pieces.

Inventory:

Hand Weapons
 a - a +3 scimitar of freezing (weapon)
 b - a +0 dagger of pain
 h - a +0 spear
 w - a +0 halberd
Armour
 J - a +0 robe (worn)
 Q - a +0 leather armour of positive energy
Jewellery
 N - a ring of positive energy (left hand)
 S - an uncursed ring of see invisible {unknown}
Wands
 G - a wand of polymorph (8/24)
Scrolls
 d - 3 scrolls of blinking {unknown}
 f - 9 scrolls of teleportation
 j - 4 scrolls of noise {unknown}
 o - 3 scrolls of enchant weapon {unknown}
 t - 5 scrolls of remove curse {unknown}
 D - 4 scrolls of enchant armour {unknown}
 F - a scroll of fear {unknown}
 I - a scroll of magic mapping {unknown}
 L - a scroll of amnesia {unknown}
 O - a scroll of vulnerability {unknown}
Potions
 i - 3 potions of heal wounds
 k - a potion of lignification
 l - a potion of flight
 p - a potion of degeneration
 q - 2 potions of might
 r - a potion of haste
 u - a potion of ambrosia
 v - 2 potions of mutation
 x - a potion of brilliance {unknown}
 R - a potion of curing {unknown}
 T - a potion of berserk rage
Books
 y - a book of Conjurations

   Spells                             Type                      Level
   a - Magic Dart                     Conjuration                  1
   b - Searing Ray                    Conjuration                  2
   c - Dazzling Spray                 Conjuration/Hexes            3
   d - Fulminant Prism                Conjuration/Hexes            4
   e - Force Lance                    Conjuration/Translocation    4
   f - Iskenderun's Mystic Blast      Conjuration                  4
 z - a book of Frost

   Spells                             Type                      Level
   a - Freeze                         Ice                          1
   b - Throw Frost                    Conjuration/Ice              2
   c - Ozocubu's Armour               Charms/Ice                   3
   d - Throw Icicle                   Conjuration/Ice              4
   e - Summon Ice Beast               Ice/Summoning                4
 E - Kikubaaqudgha's Incunabulum of Necromancy
   (Kikubaaqudgha gifted it to you on level 5 of the Dungeon)

   Spells                             Type                      Level
   a - Pain                           Necromancy                   1
   b - Corpse Rot                     Necromancy                   2
   c - Sublimation of Blood           Necromancy                   2
   d - Regeneration                   Charms/Necromancy            3
   e - Control Undead                 Necromancy                   4
Comestibles
 c - 5 bread rations
 n - 7 royal jellies
 s - 4 fruits
 B - a meat ration


   Skills:
 + Level 4.0 Fighting
 - Level 7.1 Dodging
 - Level 2.0 Stealth
 - Level 5.0 Spellcasting
 - Level 7.0 Conjurations
 - Level 5.1 Necromancy
 - Level 7.0 Ice Magic


You had 4 spell levels left.
You knew the following spells:

 Your Spells              Type           Power        Failure   Level  Hunger
a - Freeze                Ice            ####         1%          1    None
b - Throw Frost           Conj/Ice       ####..       1%          2    #......
c - Throw Icicle          Conj/Ice       ####....     8%          4    ####...
d - Magic Dart            Conj           ####         1%          1    None
e - Regeneration          Chrm/Necr      ##........   14%         3    ##.....
o - Ozocubu's Armour      Chrm/Ice       ###.....     10%         3    ##.....


Dungeon Overview and Level Annotations

Branches:
Dungeon (8/15)             Temple (0/1) D:7
   Lair: D:8-11

Altars:
Ashenzari
Cheibriados
Dithmenos
Kikubaaqudgha
Makhleb
Nemelex Xobeh
Okawaru
Qazlal
Ru
Sif Muna

Shops:
D:6 (

Annotations:
D:4 exclusion: phantom
D:6 Pikel


Innate Abilities, Weirdness & Mutations

You have a beak for a mouth.
You have claws for feet.
You can fly.


Message History

Confirm with . or Enter, or press ? or * to list all spells.
Aiming: Freeze
Press: ? - help, Shift-Dir - straight line, f - warg
Aim: a warg (heavily wounded)
You freeze the warg.
The warg is heavily wounded.
The warg barely misses you.
You riposte.
You hit the warg but do no damage.
The warg is heavily wounded.
Casting: Freeze
Confirm with . or Enter, or press ? or * to list all spells.
Aiming: Freeze
Press: ? - help, Shift-Dir - straight line, f/p - warg
Aim: a warg (heavily wounded)
You freeze the warg.
The warg is severely wounded.
The warg bites you!
* * * LOW HITPOINT WARNING * * *
The warg bites you!
You die...
Kikubaaqudgha rasps: "You have failed me!
Welcome... death!"

#........# #..#.#
#.#.....#....
#........#####.#.#
#.#.#####....
#..............#.#
#.#..........
##.#####.......#.#
#.###........
##.#####.......#.#
#.รท..........
....<..#.........#
#####........
.......#......#..#
#........
.......########.h#
#........ .......#
##@# #........
##.##### #.#
######... .#.# #.#
#... ...# #.# #...
.8.# #.# #### ...#
#.# .#.# #.# ##.#
#.# #.# #.#


You could see a warg.

Vanquished Creatures
  Prince Ribbit (D:6)
  A water moccasin (D:6)
  2 sky beasts
  An ice beast (D:7)
  2 phantoms
  6 ogres
  3 centaurs
  2 bullfrogs
  2 scorpions
  A water moccasin skeleton (D:7)
  3 wights (D:3)
  2 howler monkeys
  A bullfrog zombie (D:5)
  6 hounds
  2 jellies (D:5)
  An orc priest (D:3)
  7 orc wizards
  3 bullfrog skeletons
  5 iguanas
  Ijyb (D:5)
  3 worker ants
  A killer bee zombie (D:5)
  8 gnolls (D:3)
  3 worker ant zombies
  12 adders
  2 oozes (D:2)
  An adder zombie (D:7)
  An adder skeleton (D:5)
  2 worms
  3 dart slugs
  2 leopard geckos
  19 orcs
  6 ball pythons
  6 giant cockroaches
  8 goblins
  9 hobgoblins
  6 jackals
  9 quokkas
  8 bats
  6 frilled lizards
  A jackal skeleton (D:4)
  9 kobolds
  7 rats
184 creatures vanquished.

Notes
Turn   | Place    | Note
-------+----------+-------------------------------------------
     0 | D:1      | removed the Tengu Ice Elementalist began the quest for the Orb.
     0 | D:1      | Reached XP level 1. HP: 10/10 MP: 4/4
   261 | D:1      | Reached XP level 2. HP: 15/15 MP: 3/6
   630 | D:2      | Found a sparkling altar of Nemelex Xobeh.
   680 | D:2      | Found a snail-covered altar of Cheibriados.
  1095 | D:2      | Reached XP level 3. HP: 10/19 MP: 2/7
  1787 | D:2      | Reached XP level 4. HP: 10/24 MP: 4/8
  1974 | D:3      | Reached skill level 5 in Ice Magic
  1974 | D:3      | Gained mutation: You can fly. [Tengu growth]
  1974 | D:3      | Reached XP level 5. HP: 24/28 MP: 3/9
  3257 | D:2      | Reached XP level 6. HP: 30/32 MP: 7/10
  3874 | D:4      | Found a shattered altar of Ashenzari.
  4077 | D:4      | Learned a level 2 spell: Throw Frost
  4211 | D:4      | Found a stormy altar of Qazlal.
  4240 | D:4      | Found a shadowy altar of Dithmenos.
  4273 | D:4      | Noticed a phantom
  4331 | D:4      | Learned a level 1 spell: Magic Dart
  4459 | D:4      | Found an ancient bone altar of Kikubaaqudgha.
  4464 | D:4      | Became a worshipper of Kikubaaqudgha
  4660 | D:4      | Found an iron altar of Okawaru.
  4735 | D:4      | Reached XP level 7. HP: 36/36 MP: 6/11
  4934 | D:5      | Entered Level 5 of the Dungeon
  5452 | D:5      | Found a sacrificial altar of Ru.
  5636 | D:5      | HP: 1/36 [scorpion (6)]
  5638 | D:5      | Reached skill level 5 in Conjurations
  6217 | D:5      | Reached XP level 8. HP: 37/41 MP: 4/14
  6532 | D:5      | Reached * piety under Kikubaaqudgha
  6532 | D:5      | Identified Kikubaaqudgha's Incunabulum of Necromancy (Kikubaaqudgha gifted it to you on level 5 of the Dungeon)
  6532 | D:5      | Received a gift from Kikubaaqudgha
  6771 | D:5      | Learned a level 4 spell: Throw Icicle
  7112 | D:5      | Noticed Ijyb
  7121 | D:5      | Killed Ijyb
  7331 | D:5      | Found a deep blue altar of Sif Muna.
  7921 | D:2      | Found a sparkling altar of Nemelex Xobeh.
  8075 | D:2      | Found a snail-covered altar of Cheibriados.
  8751 | D:3      | Reached skill level 5 in Spellcasting
  9397 | D:4      | Learned a level 3 spell: Ozocubu's Armour
  9401 | D:4      | Learned a level 3 spell: Regeneration
  9722 | D:5      | Reached skill level 5 in Dodging
  9722 | D:5      | Reached XP level 9. HP: 24/45 MP: 0/17
 10050 | D:6      | Reached skill level 1 in Fighting
 10239 | D:6      | Found Fidulu's Weapon Boutique.
 10410 | D:6      | Noticed Prince Ribbit
 10419 | D:6      | Killed Prince Ribbit
 10568 | D:6      | Reached skill level 1 in Necromancy
 10940 | D:6      | Noticed Pikel
 11954 | D:7      | Reached skill level 5 in Necromancy
 12288 | D:7      | Found a burning altar of Makhleb.
 12486 | D:7      | Reached ** piety under Kikubaaqudgha
 12597 | D:7      | Found a staircase to the Ecumenical Temple.
 13350 | D:7      | HP: 2/52 [warg (16)]
 13350 | D:7      | Mangled by a warg

Skill      XL: |  1  2  3  4  5  6  7  8  9 |
---------------+----------------------------+-----
Ice Magic      | 3 4 5 6 7 |  7.0
Conjurations   | 3 5 7 |  7.0
Spellcasting   | 3 5 |  5.0
Dodging        | 5 7 |  7.1
Fighting       | 4 |  4.0
Necromancy     | 5 |  5.1
Stealth        | |  2.0

Action                   |  1- 3 |  4- 6 |  7- 9 || total
-------------------------+-------+-------+-------++-------
Melee: Spear             |    16 |     4 |       ||    20
       Halberd           |       |    10 |    43 ||    53
       Kick              |       |     4 |    25 ||    29
       Peck              |       |     1 |    19 ||    20
       Scimitar          |       |       |    37 ||    37
 Cast: Freeze            |    51 |   110 |   192 ||   353
       Throw Frost       |       |       |    17 ||    17
       Throw Icicle      |       |       |    30 ||    30
       Magic Dart        |       |       |     8 ||     8
 Abil: Fly               |       |       |     5 ||     5
  Use: Potion            |       |       |     2 ||     2
       Scroll            |       |       |     8 ||     8
 Stab: Sleeping          |       |       |     1 ||     1
  Eat: Chunk             |     3 |    11 |    23 ||    37
       Bread ration      |       |       |     2 ||     2
Armor: Robe              |     3 |    10 |    27 ||    40
Dodge: Dodged            |    29 |    71 |   181 ||   281
       Rpst.: Scimitar   |       |       |    30 ||    30
